 Dungeon Crawl Stone Soup version 0.28-a0-834-g1a73be5ee4 (webtiles) character file.

Game seed: 9467781754880531191

12079 Crownlay the Cleaver (level 11, -3/99 HPs)
             Began as a Hill Orc Fighter on Nov 11, 2021.
             Was a Priest of Okawaru.
             Slain by a skeletal warrior (21 damage)
             ... led by a skeletal warrior
             ... on level 11 of the Dungeon.
             The game lasted 00:22:28 (13093 turns).

Crownlay the Cleaver (Hill Orc Fighter)            Turns: 13093, Time: 00:22:29

Health: -3/99      AC: 22    Str: 23    XL:     11   Next: 87%
Magic:  17/18      EV: 15    Int:  8    God:    Okawaru [***...]
Gold:   686        SH: 11    Dex: 10    Spells: 10/10 levels left

rFire   . . .      SeeInvis .   A - +1 war axe (vamp)
rCold   . . .      Faith    .   c - +0 buckler
rNeg    + . .      Spirit   .   E - +5 scale mail "Xuanaent" {Rampage}
rPois   .          Reflect  +   O - +2 hat
rElec   .          Harm     .   e - +0 cloak
rCorr   .          Rampage  +   B - +2 pair of gloves
Will    .....                   (no boots)
Stlth   +.........              q - amulet of reflection
HPRegen 0.26/turn               p - +4 ring of evasion
MPRegen 0.16/turn               u - ring of positive energy

@: heroic
A: no striking features
a: Renounce Religion, Heroism


You were on level 11 of the Dungeon.
You worshipped Okawaru.
Okawaru was most pleased with you.
You visited 2 branches of the dungeon, and saw 12 of its levels.

You collected 686 gold pieces.

Inventory:

Hand Weapons
 g - a +0 scimitar of flaming
 A - a +1 vampiric war axe (weapon)
Missiles
 b - 6 boomerangs (quivered)
Armour
 c - a +0 buckler (worn)
 e - a +0 cloak (worn)
 B - a +2 pair of gloves (worn)
 E - the +5 scale mail "Xuanaent" (worn) {Rampage}
   (You found it on level 7 of the Dungeon)

   Rampage:   It bestows one free step when moving towards enemies.
 O - a +2 hat (worn)
Jewellery
 o - a ring of fire
 p - a +4 ring of evasion (left hand)
 q - an amulet of reflection (around neck)
 u - a ring of positive energy (right hand)
 J - a ring of ice
 L - a ring of protection from cold
Wands
 r - a wand of paralysis (14)
 F - a wand of flame (33)
 G - a wand of mindburst (9)
 H - a wand of polymorph (1)
Scrolls
 f - 2 scrolls of magic mapping {unknown}
 h - 3 scrolls of torment
 k - 2 scrolls of teleportation
 m - 3 scrolls of fear
 n - 2 scrolls of noise
 v - a scroll of acquirement {unknown}
 x - 2 scrolls of amnesia
 y - a scroll of vulnerability {unknown}
 C - 2 scrolls of enchant armour
 I - a scroll of enchant weapon {unknown}
 M - 2 scrolls of identify
Potions
 d - a potion of magic
 i - 3 potions of attraction
 j - a potion of berserk rage {unknown}
 l - 2 potions of curing
 s - a potion of experience {unknown}
 t - 2 potions of might
 w - a potion of invisibility
 z - a potion of flight
 D - a potion of haste
 N - a potion of heal wounds {unknown}
Miscellaneous
 K - a condenser vane


   Skills:
 - Level 10.0(15.0) Fighting
 - Level 14.0(19.0) Axes
 + Level 9.5(14.5) Armour
 - Level 4.0(9.0) Shields
 - Level 10.0 Invocations
 + Level 6.7 Evocations


You had 10 spell levels left.
You didn't know any spells.
Your spell library contained the following spells:

 Spells                   Type           Power      Damage    Failure   Level
 Freeze                   Ice            0%         1d3       63%         1
 Magic Dart               Conj           0%         1d3       63%         1
 Ensorcelled Hibernation  Hex/Ice        0%         N/A       77%         2
 Frozen Ramparts          Ice            0%         1d2       94%         3
 Mephitic Cloud           Conj/Pois/Air  0%         N/A       94%         3
 Airstrike                Air            0%         N/A       100%        4
 Hailstorm                Conj/Ice       0%         3d3       100%        4
 Blade Hands              Tmut           0%         N/A       100%        5
 Lightning Bolt           Conj/Air       0%         1d11      100%        5
 Conjure Ball Lightning   Conj/Air       0%         3x3d6     100%        6
 Call Imp                 Summ           Unusable   N/A       N/A         2
 Tukima's Dance           Hex            Unusable   N/A       N/A         3
 Summon Lightning Spire   Summ/Air       Unusable   N/A       N/A         4

Dungeon Overview and Level Annotations

Branches:
Dungeon (11/15)            Temple (1/1) D:7            Lair (0/6) D:10
    Orc (0/2) D:9

Altars:
Ashenzari
Cheibriados
Dithmenos
Elyvilon
Makhleb
Nemelex Xobeh
Okawaru
Qazlal
Ru
Sif Muna
Trog
Vehumet
Yredelemnul
The Shining One

Shops:
D:4 ?=*[


Message History

You block the skeletal warrior's attack.
You completely miss the skeletal warrior.
The skeletal warrior is almost destroyed.
The skeletal warrior hits you with a +0 long sword!!
* * * LOW HITPOINT WARNING * * *
You see here a +0 war axe.
Okay, then.
Press: ? - help, v - describe, . - travel, g - get item
Here: a skeletal warrior, wielding a +0 long sword (almost destroyed) Item here: a +0 war axe.
The floor.
You feel like a meek peon again.
You gain the combat prowess of a mighty hero.
You block the skeletal warrior's attack.
You hit the skeletal warrior.
The skeletal warrior is severely damaged.
You block the skeletal warrior's attack.
You closely miss the skeletal warrior.
The skeletal warrior is severely damaged.
The skeletal warrior completely misses you.
You barely miss the skeletal warrior.
The skeletal warrior is severely damaged.
You hit the skeletal warrior.
The skeletal warrior is severely damaged.
You block the skeletal warrior's attack.
You slash the skeletal warrior!
The skeletal warrior is almost destroyed.
The skeletal warrior hits you but does no damage.
You closely miss the skeletal warrior.
The skeletal warrior is almost destroyed.
The skeletal warrior hits you but does no damage.
You hit the skeletal warrior but do no damage.
The skeletal warrior is almost destroyed.
You hit the skeletal warrior but do no damage.
The skeletal warrior is almost destroyed.
The skeletal warrior hits you but does no damage.
You hit the skeletal warrior but do no damage.
The skeletal warrior is almost destroyed.
The skeletal warrior hits you with a +0 long sword!!
You die...

###.##.####.##.# #..###.# #.#
.##............#
#....#.#####..
.#########..##.#
#..#.#.......# .#
#..##.#####z##.####.#### ##
######..##.......##.# #.....
#
.................##.#########
.#####}..##...#####.......z..
#.#.####################
#.z.#..@zz..............
##.##.##################
#.##.########## ##
#.##.#........########. #
#)##.#.######.##.".>... ###.#
#.##.#.# #.##.#####.
......####.##.#.# #.##(######
#.(<)z....#.#.# #..........
###.####..#.#.# ####.######


You could see 2 skeletal warriors.

Vanquished Creatures
  A great orb of eyes (D:11)
  Erica (D:11)
  3 skeletal warriors (D:11)
  A cyclops (D:11)
  A manticore (D:10)
  Psyche (D:8)
  A troll (D:11)
  Grinder (D:6)
  2 shadows
  A vampire (D:10)
  3 wyverns
  Sigmund (D:4)
  10 yaks
  A basilisk (D:10)
  2 vampire mosquitoes (D:11)
  A steam dragon (D:9)
  Edmund (D:4)
  An acid dragon (D:10)
  3 water moccasins (D:10)
  2 two-headed ogre zombies (D:9)
  A black bear (D:6)
  2 hornet zombies (D:8)
  An orc warrior (D:10)
  A sky beast (D:7)
  2 ice beasts (D:7)
  2 necrophages
  6 centaurs
  2 ogres
  3 phantoms
  A kobold brigand (D:7)
  Blork the orc (D:5)
  A bullfrog (D:8)
  3 scorpions
  A troll zombie (D:9)
  3 water moccasin skeletons
  8 killer bees (D:8)
  4 howler monkeys
  A bullfrog zombie (D:7)
  5 centaur zombies
  5 orc priests
  2 hounds
  A bullfrog skeleton (D:5)
  A jelly (D:8)
  A centaur skeleton (D:6)
  An iguana (D:3)
  8 orc wizards
  2 killer bee zombies (D:8)
  5 ogre zombies (D:9)
  A howler monkey zombie (D:8)
  A gnoll (D:4)
  4 adders
  A white imp (D:6)
  An ufetubus (D:7)
  An adder zombie (D:5)
  4 dart slugs
  32 orcs
  4 bats
  8 endoplasms
  2 giant cockroaches
  5 goblins
  8 hobgoblins
  9 quokkas
  5 ball pythons
  3 goblin zombies (D:9)
  4 hobgoblin skeletons (D:9)
  5 hobgoblin zombies (D:9)
  8 kobolds
  13 orc zombies (D:9)
  8 rats
239 creatures vanquished.

Vanquished Creatures (others)
  A bush (D:10)
  18 fungi
  7 plants (D:10)
  9 toadstools
35 creatures vanquished.

Grand Total: 274 creatures vanquished

Notes
Turn   | Place    | Note
-------+----------+-------------------------------------------
     0 | D:1      | Crownlay the Hill Orc Fighter began the quest for the Orb.
     0 | D:1      | Reached XP level 1. HP: 19/19 MP: 1/1
     1 | D:1      | You fall into a shaft and drop 1 floor!
    13 | D:2      | Reached skill level 3 in Axes
   131 | D:2      | Reached XP level 2. HP: 15/26 MP: 2/2
   519 | D:1      | Reached skill level 4 in Axes
   576 | D:1      | Reached XP level 3. HP: 30/31 MP: 3/3
  1979 | D:3      | Reached XP level 4. HP: 35/39 MP: 4/4
  2026 | D:3      | Reached skill level 5 in Axes
  2059 | D:3      | HP: 1/39 [orc wizard (2)]
  2061 | D:3      | Reached skill level 6 in Axes
  2061 | D:3      | Reached XP level 5. HP: 1/45 MP: 5/5
  2376 | D:3      | Found a faded altar of an unknown god.
  2653 | D:3      | Reached skill level 7 in Axes
  2828 | D:3      | Reached XP level 6. HP: 51/51 MP: 6/6
  3322 | D:4      | Noticed Edmund
  3333 | D:4      | Killed Edmund
  3334 | D:4      | Reached skill level 8 in Axes
  3552 | D:4      | Found Iliakaah's Jewellery Emporium.
  3553 | D:4      | Found Tomaru's Magic Scroll Emporium.
  3557 | D:4      | Found Ixzat's Assorted Antiques.
  3560 | D:4      | Found Wemnoer's Antique Armour Emporium.
  3688 | D:4      | Reached skill level 9 in Axes
  3688 | D:4      | Reached XP level 7. HP: 57/57 MP: 7/7
  3946 | D:4      | Noticed Sigmund
  4296 | D:4      | Killed Sigmund
  4297 | D:4      | Reached skill level 10 in Axes
  4371 | D:4      | Got the Disquisition on Mutagenic Feathers
  4466 | D:4      | Reached skill level 11 in Axes
  4726 | D:5      | Entered Level 5 of the Dungeon
  4784 | D:5      | Reached XP level 8. HP: 23/64 MP: 8/8
  5037 | D:5      | Reached skill level 12 in Axes
  5057 | D:5      | Noticed Blork the orc
  5085 | D:5      | Killed Blork the orc
  5336 | D:5      | Found a snail-covered altar of Cheibriados.
  5440 | D:5      | Reached skill level 13 in Axes
  5957 | D:6      | Noticed Grinder
  5970 | D:6      | Reached skill level 14 in Axes
  5987 | D:6      | Paralysed by Grinder for 6 turns
  5998 | D:6      | Killed Grinder
  5999 | D:6      | Reached XP level 9. HP: 53/73 MP: 8/10
  6186 | D:6      | Reached skill level 5 in Fighting
  6271 | D:6      | You fall into a shaft and drop 3 floors!
  6378 | D:8      | HP: 3/75 [acid (9)]
  6497 | D:8      | Reached skill level 5 in Invocations
  6879 | D:7      | Found a staircase to the Ecumenical Temple.
  6885 | Temple   | Entered the Ecumenical Temple
  6974 | Temple   | Became a worshipper of Warmaster Okawaru
  7236 | D:7      | Identified the +5 scale mail "Xuanaent" {Rampage}
  7490 | D:7      | Reached * piety under Okawaru
  8840 | D:8      | Noticed Psyche
  8849 | D:8      | Killed Psyche
  8849 | D:8      | Reached ** piety under Okawaru
  8850 | D:8      | Reached skill level 10 in Invocations
  8850 | D:8      | Reached XP level 10. HP: 84/84 MP: 17/17
  9255 | D:9      | Found a staircase to the Orcish Mines.
  9831 | D:9      | Reached *** piety under Okawaru
  9987 | D:9      | Reached skill level 5 in Armour
 10432 | D:10     | Entered Level 10 of the Dungeon
 10640 | D:10     | Found a staircase to the Lair.
 10650 | D:10     | Reached **** piety under Okawaru
 10659 | D:10     | Reached skill level 1 in Evocations
 10668 | D:10     | Reached skill level 10 in Fighting
 10681 | D:10     | Reached XP level 11. HP: 68/99 MP: 18/18
 10983 | D:10     | Noticed a manticore
 11006 | D:10     | Killed a manticore
 11326 | D:10     | Reached ***** piety under Okawaru
 11818 | D:11     | Noticed a five-headed hydra
 11828 | D:11     | Noticed a great orb of eyes
 11828 | D:11     | a five-headed hydra changed into a great orb of eyes
 11838 | D:11     | Paralysed by a great orb of eyes for 2 turns
 11842 | D:11     | Killed a great orb of eyes
 12023 | D:11     | Noticed Erica
 12036 | D:11     | Killed Erica
 12037 | D:11     | Reached skill level 5 in Evocations
 12419 | D:11     | Found a broken altar of Ashenzari.
 12488 | D:11     | Received a gift from Okawaru
 12752 | D:11     | Noticed a cyclops
 12765 | D:11     | Killed a cyclops
 12917 | D:11     | Noticed a skeletal warrior
 12933 | D:11     | Killed a skeletal warrior
 12973 | D:11     | Noticed a skeletal warrior
 12975 | D:11     | Noticed a skeletal warrior
 12976 | D:11     | Noticed a skeletal warrior
 12979 | D:11     | Noticed a skeletal warrior
 12991 | D:11     | Killed a skeletal warrior
 13003 | D:11     | Killed a skeletal warrior
 13031 | D:11     | HP: 2/99 [skeletal warrior[a skeletal warrior] (20)]
 13093 | D:11     | Slain by a skeletal warrior

Illustrated notes

Levels and vault maps discovered:
D:1:      ldierk_walled_garden, layout_rooms, kennysheep_nondescript,
          minmay_distorted
D:2:      minmay_general_purpose_star, layout_basic
D:3:      layout_basic, ebering_ecumenical_altar_mist, minmay_misc_feat_five,
          minmay_gold_behind_fungi
D:4:      layout_loops_ring, hangedman_abyss_or_decor_stagger,
          serial_park_tiny_pond, minmay_shop_grid_forest, sigmund_army,
          uniq_edmund
D:5:      layout_basic, mainiacjoe_overflow_cross_hatched, dk_noncrumbling_4,
          st_stairs_6, minivault_1, minmay_liquid_box, uniq_blork_the_orc
D:6:      layout_cave_pods, uniq_grinder
D:7:      layout_basic, minmay_temple_entry_hall
D:8:      layout_basic, uniq_psyche
D:9:      layout_rooms, zombieorc2_lemuel
D:10:     layout_roguey, minmay_lair_entry_grove, roderic_serpentine_path
D:11:     layout_loops_ring, ashenzari_altar_1, uniq_erica
Temple:   mainiacjoe_temple_archimedes_tessellation

Skill      XL: |  1  2  3  4  5  6  7  8  9 10 11 |
---------------+----------------------------------+-----
Axes           | 3 4 6 7 9 11 14 | 14.0
Shields        | 4 |  4.0
Fighting       | 4 6 10 | 10.0
Invocations    | 2 10 | 10.0
Armour         | 6 9 |  9.5
Evocations     | 2 6 |  6.7

Action                   |  1- 3 |  4- 6 |  7- 9 | 10-12 || total
-------------------------+-------+-------+-------+-------++-------
Melee: War axe           |   131 |   102 |   331 |   478 ||  1042
       Unarmed           |       |       |     3 |       ||     3
Throw: Throwing net      |       |       |     1 |       ||     1
Invok: Heroism           |       |       |       |     4 ||     4
Evoke: Wand              |       |       |       |     5 ||     5
  Use: Scroll            |     2 |     1 |     3 |     4 ||    10
       Potion            |       |     4 |     2 |     2 ||     8
 Stab: Invisible         |       |       |     2 |       ||     2
       Sleeping          |       |       |       |     2 ||     2
Armor: Scale mail        |    67 |    19 |    99 |   168 ||   353
       Skin              |       |    20 |       |       ||    20
Dodge: Dodged            |    68 |    36 |   198 |   183 ||   485
Block: Buckler           |    31 |    19 |   156 |    84 ||   290
       Reflection        |       |       |     8 |       ||     8

Table legend: (Time is in decaauts)
 A = Elapsed time spent in this place.
 B = Non-inter-level travel time spent in this place.
 C = Inter-level travel time spent in this place.
 D = Time resting spent in this place.
 E = Time spent auto-exploring this place.
 F = Levels seen in this place.
 G = Mean time per level.
                   A        B        C        D        E       F      G
               +--------+--------+--------+--------+--------+-----+--------+
         Total |  12980 |  12575 |    405 |    732 |   9792 |  12 | 1081.7 |
       Dungeon |  12803 |  12492 |    311 |    732 |   9724 |  11 | 1163.9 |
        Temple |    176 |     82 |     94 |      0 |     68 |   1 |  176.0 |
               +--------+--------+--------+--------+--------+-----+--------+

Top non-repeatable levels by time:
     D:3: 1684 daAuts
     D:8: 1375 daAuts
    D:10: 1329 daAuts
    D:11: 1264 daAuts
     D:4: 1150 daAuts
     D:9: 1141 daAuts
     D:1: 1085 daAuts
     D:5: 1012 daAuts
     D:6: 962 daAuts
     D:7: 933 daAuts
     D:2: 863 daAuts
  Temple: 176 daAuts
